 Dungeon Crawl Stone Soup version 0.24.1-14-gf8d2b509d9 (webtiles) character file.

Game seed: 8976050355904295659, levelgen mode: deterministic

753 mrath the Geomancer (level 7, 0/36 HPs)
             Began as a Gargoyle Earth Elementalist on May 26, 2020.
             Slain by a gnoll
             ... wielding a +0 spear
              (4 damage)
             ... on level 6 of the Dungeon.
             The game lasted 00:51:13 (5234 turns).

mrath the Geomancer (Gargoyle Earth Elementalist)   Turns: 5234, Time: 00:51:14

Health: 0/36       AC:  8    Str: 11    XL:     7   Next: 79%
Magic:  12/15      EV: 12    Int: 18    God:
Gold:   192        SH:  0    Dex: 10    Spells: 13/17 levels left

rFire    . . .     SeeInvis +   h - +0 club
rCold    . . .     Gourm    .   (no shield)
rNeg     + . .     Faith    .   c - +0 robe
rPois    ∞         Spirit   .   x - +0 helmet
rElec    +         Reflect  .   (no cloak)
rCorr    .         Harm     .   j - +0 pair of gloves
MR       .....                  (no boots)
Stlth    ++........             (no amulet)
HPRegen  0.12/turn              i - ring of see invisible
MPRegen  0.14/turn              (no ring)

@: no status effects
A: negative energy resistance 1, electricity resistance, unbreathing,
petrification resistance, rot immunity, AC +4
a: no special abilities


You were on level 6 of the Dungeon.
You were very hungry.

You visited 1 branch of the dungeon, and saw 6 of its levels.

You collected 192 gold pieces.

Inventory:

Hand Weapons
 h - a +0 club (weapon)
 z - a +0 flail
Missiles
 b - 98 stones (quivered)
 f - 45 poisoned darts
 C - 4 boomerangs
Armour
 c - a +0 robe (worn)
 e - a +0 shield
 j - a +0 pair of gloves (worn)
 w - a +0 animal skin
 x - a +0 helmet (worn)
 A - a +0 pair of gloves
Jewellery
 i - a ring of see invisible (left hand)
 l - an uncursed ring of poison resistance {unknown}
 D - an uncursed ring of protection from cold {unknown}
Wands
 y - a wand of polymorph (9)
 B - a wand of acid (5)
Scrolls
 g - 6 scrolls of teleportation {unknown}
 m - 3 scrolls of remove curse {unknown}
 n - a scroll of fear {unknown}
 q - 2 scrolls of amnesia {unknown}
 r - a scroll of noise {unknown}
 t - a scroll of immolation {unknown}
 u - a scroll of identify {unknown}
 v - a scroll of magic mapping {unknown}
 E - a scroll of blinking {unknown}
Potions
 a - a potion of haste {unknown}
 k - 3 potions of curing {unknown}
 o - a potion of agility {unknown}
 p - a potion of resistance {unknown}
 s - a potion of mutation {unknown}
Comestibles
 d - 8 rations


   Skills:
 - Level 1.5 Dodging
 - Level 2.1 Stealth
 + Level 5.7 Spellcasting
   Level 0.7 Transmutations
 + Level 8.0 Earth Magic


You had 13 spell levels left.
You knew the following spells:

 Your Spells              Type           Power        Failure   Level  Hunger
a - Sandblast             Erth           ####..       1%          1    None
b - Stone Arrow           Conj/Erth      ###...       7%          3    ##.....

Your spell library contained the following spells:

 Spells                   Type           Power        Failure   Level  Hunger
 Passwall                 Tmut/Erth      ###.....     3%          2    None
 Lee's Rapid Deconstruct  Erth           ####......   13%         5    #####..
 Petrify                  Tmut/Erth      ###.....     21%         4    ####...


Dungeon Overview and Level Annotations

Branches:
Dungeon (6/15)
 Temple: D:4-7

Altars:
Dithmenos

Annotations:
D:3 Sigmund
D:4 Pikel


Innate Abilities, Weirdness & Mutations

You are resistant to torment.
Your stone body is resilient. (AC +4)
You are immune to poison.
You resist negative energy. (rN+)
You are resistant to electric shocks. (rElec)
You can survive without breathing.
You are immune to petrification.
You are immune to rotting.


Message History

You kill the adder!
The bolt of acid misses the gnoll.
You are feeling very hungry.
The gnoll hits you with a +0 club.
* * * LOW HITPOINT WARNING * * *
The gnoll hits you from afar with a +0 spear.
* * * LOW HITPOINT WARNING * * *
The gnoll closely misses you.
Found a stone staircase leading up.
The shadow imp misses you.
A jackal comes into view.
The shadow imp spits at you.
A jackal comes into view.
The jackal barks!
The jackal barks!
The shadow imp gestures at you.
You struggle to resist.
The jackal misses you.
The gnoll hits you from afar with a +0 spear.
You die...

.. # .# #'#####
##'## .##.....###
.....# ...........#
.....# ............#
.....# ............#
.....# ............#
.....# ........h@..#
.....# .......h5..#
.....# ......g.g..#
##.## #######.....##
##.####...###.....##
....#..............#
....#..............#
....#..............#
....#......##......#


You could see 2 gnolls, a shadow imp and 2 jackals.

Vanquished Creatures
  A slave (D:3)
  An orc warrior (D:6)
  2 ogres
  A bullfrog (D:6)
  A wyvern skeleton (D:6)
  A bullfrog zombie (D:5)
  An orc wizard (D:3)
  An orc priest (D:6)
  A centaur zombie (D:6)
  An iguana (D:6)
  Natasha (thrice) (D:2)
  Robin (D:2)
  9 adders
  An ooze (D:1)
  A worm (D:2)
  2 leopard geckos (D:1)
  5 orcs
  2 giant cockroaches
  10 goblins
  10 hobgoblins
  6 jackals
  A ball python (D:2)
  6 bats
  7 frilled lizards
  5 kobolds
  A leopard gecko skeleton (D:4)
  9 rats
90 creatures vanquished.

Notes
Turn   | Place    | Note
-------+----------+-------------------------------------------
     0 | D:1      | mrath the Gargoyle Earth Elementalist began the quest for
                  | the Orb.
     0 | D:1      | Reached XP level 1. HP: 10/10 MP: 3/3
    84 | D:1      | Reached skill level 4 in Earth Magic
    84 | D:1      | Reached XP level 2. HP: 15/15 MP: 0/5
   786 | D:1      | Reached XP level 3. HP: 19/19 MP: 4/6
   908 | D:1      | Learned a level 3 spell: Stone Arrow
  1275 | D:2      | Noticed Robin
  2057 | D:2      | Reached XP level 4. HP: 24/24 MP: 8/8
  2060 | D:2      | Killed Robin
  2175 | D:2      | Noticed Natasha
  2250 | D:2      | Killed Natasha
  2479 | D:2      | Noticed Natasha
  2496 | D:2      | Killed Natasha
  2496 | D:2      | Reached skill level 5 in Earth Magic
  2496 | D:2      | Reached XP level 5. HP: 23/28 MP: 0/10
  2633 | D:2      | Noticed Natasha
  2637 | D:2      | Killed Natasha
  3148 | D:3      | Found a shadowy altar of Dithmenos.
  3149 | D:3      | Noticed Sigmund
  3164 | D:3      | Noticed an ogre
  3172 | D:3      | Killed an ogre
  3172 | D:3      | Reached skill level 6 in Earth Magic
  3172 | D:3      | Reached XP level 6. HP: 27/32 MP: 2/12
  3618 | D:4      | Noticed a slave
  3691 | D:4      | Noticed Pikel
  3691 | D:4      | Noticed a slave
  3691 | D:4      | Noticed a slave
  3691 | D:4      | Noticed a slave
  3857 | D:3      | Killed a slave
  4020 | D:4      | You fall into a shaft and drop 2 floors!
  4213 | D:6      | Noticed an orc warrior
  4331 | D:6      | Killed an orc warrior
  4331 | D:6      | Reached skill level 7 in Earth Magic
  4331 | D:6      | Reached XP level 7. HP: 7/36 MP: 1/14
  4628 | D:6      | Reached skill level 5 in Spellcasting
  4997 | D:5      | Entered Level 5 of the Dungeon
  5046 | D:5      | Reached skill level 8 in Earth Magic
  5234 | D:6      | Slain by a gnoll

Levels and vault maps discovered:
D:1:      dpeg_chamrin_arrival_tetris, layout_rooms,
          wander_ebering_terrifying_dragon_lair
D:2:      layout_loops_cross, first_ration, nrook_campfire, solitary_fountain,
          wad_floor_pattern_untrapped, minmay_pentomino_pile, uniq_natasha,
          uniq_robin
D:3:      layout_basic, overflow_temple_1_default, uniq_sigmund
D:4:      layout_rooms, uniq_pikel, uniq_duvessa
D:5:      layout_rooms
D:6:      layout_gridville, minmay_temple_entry_trees, uniq_blork_the_orc

Skill      XL: |  1  2  3  4  5  6  7 |
---------------+----------------------+-----
Earth Magic    | 4 5 6 7 8 |  8.0
Spellcasting   | 3 4 5 |  5.7
Dodging        | |  1.5
Stealth        | |  2.1
Transmutations | |  0.7

Action                   |  1- 3 |  4- 6 |  7- 9 || total
-------------------------+-------+-------+-------++-------
Melee: Club              |    29 |    17 |     7 ||    53
 Cast: Sandblast         |    57 |    44 |    15 ||   116
       Stone Arrow       |       |    27 |    12 ||    39
Evoke: Wand              |       |       |     1 ||     1
 Stab: Sleeping          |     1 |     1 |       ||     2
  Eat: Chunk             |     4 |     5 |     3 ||    12
       Ration            |       |     1 |       ||     1
Armor: Robe              |    24 |    18 |    22 ||    64
Dodge: Dodged            |    38 |    42 |    55 ||   135
